 Dungeon Crawl Stone Soup version 0.30.0-5-g1a98f26d00 (webtiles) character file.

Game seed: 8930286247909558821

972 CoinPitGoblin the Magician (level 7, -2/78 HPs)
             Began as a Demonspawn Fire Elementalist on May 10, 2023.
             Was an Initiate of Sif Muna.
             Slain by Eustachio
             ... wielding a +1 falchion of protection
              (6 damage)
             ... on level 5 of the Dungeon.
             The game lasted 00:18:30 (6447 turns).

CoinPitGoblin the Magician (DsFE)                   Turns: 6447, Time: 00:18:31

Health: -2/78      AC: 27    Str: 15    XL:     7   Next: 94%
Magic:  16/16      EV:  2    Int: 18    God:    Sif Muna [......]
Gold:   232        SH:  4    Dex: 13    Spells: 6/18 levels left

rFire   . . .        c - +0 rapier
rCold   . . .        (no shield)
rNeg    . . .        a - melded +1 robe
rPois   +            u - melded +1 hat
rElec   .            (cloak currently unavailable)
rCorr   .            (gloves currently unavailable)
SInv    .            v - melded +0 pair of boots
Will    .....        (no amulet)
Stlth   ++           p - +6 ring of strength
HPRegen 0.33/turn    (no ring)
MPRegen 0.15/turn

%: no passive effects
@: tree-form, studying Hexes
A: stationary, stasis, torment immunity, boosted hp, rugged brown scales 2,
icemail 1, condensation shield
a: Renounce Religion


You were on level 5 of the Dungeon.
You worshipped Sif Muna.
Sif Muna was noncommittal.
You were a tree.
You visited 2 branches of the dungeon, and saw 7 of its levels.

You collected 232 gold pieces.

Inventory:

Hand Weapons
 c - a +0 rapier (weapon)
 j - a +2 dagger of speed
 m - a +0 quarterstaff
 s - a +1 dagger of draining
Missiles
 d - 4 poisoned darts
 x - a throwing net
Armour
 a - a +1 robe (melded)
 u - a +1 hat (melded)
 v - a +0 pair of boots (melded)
Jewellery
 e - a +6 ring of dexterity
 n - a +6 ring of intelligence
 p - a +6 ring of strength (left branch)
Scrolls
 k - 4 scrolls of teleportation
 l - a scroll of magic mapping
 q - 2 scrolls of immolation
 t - a scroll of silence
 w - a scroll of enchant armour
Potions
 b - a potion of magic
 i - 2 potions of haste


   Skills:
 + Level 2.0 Fighting
 + Level 3.4 Dodging
 - Level 1.7 Stealth
 + Level 6.4 Spellcasting
 - Level 1.0 Conjurations
 * Level 5.7 Hexes
 - Level 2.6 Fire Magic


You had 6 spell levels left.
You knew the following spells:

 Your Spells              Type           Power      Damage    Failure   Level
a - Inner Flame           Hex/Fire       20%        N/A       6%          3
b - Tukima's Dance        Hex            26%        N/A       3%          3
c - Swiftness             Air            5%         N/A       34%         3
q - Foxfire               Conj/Fire      48%        2x1d6     5%          1
z - Passwall              Tmut/Erth      4%         N/A       17%         2

Your spell library contained the following spells:

 Spells                   Type           Power      Damage    Failure   Level
 Ensorcelled Hibernation  Hex/Ice        32%        N/A       5%          2
 Scorch                   Fire           30%        2d6       6%          2
 Portal Projectile        Hex/Tloc       32%        N/A       11%         3
 Sublimation of Blood     Necr           5%         N/A       17%         2
 Wereblood                Tmut           5%         N/A       17%         2
 Volatile Blastmotes      Fire/Tloc      20%        2d11      21%         3
 Flame Wave               Conj/Fire      12%        2d6       47%         4
 Blade Hands              Tmut           2%         N/A       97%         5
 Summon Hydra             Summ           2%         N/A       100%        7


Dungeon Overview and Level Annotations

Branches:
Dungeon (6/15)             Temple (1/1) D:4

Altars:
Ashenzari
Cheibriados
Fedhas
Gozag
Kikubaaqudgha
Makhleb
Okawaru
Qazlal
Ru
Sif Muna
Trog
Uskayaw
Wu Jian
Xom
Yredelemnul

Annotations:
D:5 Duvessa, Eustachio, Menkaure


Innate Abilities, Weirdness & Mutations

You are a tree.
Your roots penetrate the ground, keeping you stationary.
You cannot be teleported.
You are immune to unholy pain and torment.
Your maximum health is greatly increased.
Your equipment is partially melded.
(You are mostly covered in rugged brown scales. (AC +2, +5% HP))
A meltable icy envelope protects you from harm. (AC +4)
A meltable shield of frost defends you. (SH +4)


Message History

The orc convulses!
Your body is wracked with pain!
* * * LOW HITPOINT WARNING * * *
Menkaure is no longer moving quickly.
You hear a shout!
You hear a shout!
You hear a shout!
You hear a shout!
You hear a shout!
You hear a shout!
You hear a shout!
The jelly quivers.
As you read the scroll of teleportation, it crumbles to dust.
You feel strangely unstable.
Okay, then.
It was a potion of flight.
You feel very buoyant.
You fly up into the air.
Eustachio hits you but does no damage.
It was a potion of lignification.
You turn into a tree.
Your +1 hat melds into your body.
Your +0 pair of boots melds into your body.
Your +1 robe melds into your body.
Your roots penetrate the ground.
You feel strangely stable. Duvessa hits you but does no damage.
Eustachio hits you with a +1 falchion of protection.
* * * LOW HITPOINT WARNING * * *
Unknown command.
Unknown command.
You hit Duvessa but do no damage. You block Duvessa's attack.
Duvessa hits you with a +3 rapier.
* * * LOW HITPOINT WARNING * * *
Eustachio hits you but does no damage. The jelly hits you but does no damage.
You closely miss Duvessa. Duvessa completely misses you.
The jelly hits you but does no damage. The orc hits you but does no damage.
Eustachio hits you but does no damage. Duvessa hits you but does no damage.
You hit Duvessa but do no damage. Duvessa hits you with a +3 rapier.
* * * LOW HITPOINT WARNING * * *
You block the orc's attack. The jelly hits you but does no damage.
Eustachio hits you but does no damage. Duvessa barely misses you.
You hit Duvessa but do no damage.
Eustachio hits you with a +1 falchion of protection.
You die...

.. # ####..###^###
.....##.#........ #
........#.##..# #####
..........o..M###....
......#.###..o..... #'#
....##...+........ #.#
##..##.###........
###.####o.##.###......|. .
....##.♣eM.......†...... ..
#.#.##J#@.##......##.... ...
#.#.##.#).##.###..##.... ..
####.#.#..#).#..###..##.###
#.##.##.#.#.÷#......##.......)
#..................>.e........
#.##.##.#.#..#.##...##..##.###
#.##.##.#.#....##...##..##...
#....<......###.....##..######


You could see Eustachio, Duvessa (berserk), Menkaure, a jelly and an orc.

Vanquished Creatures
  A centaur (D:5)
  2 kobold brigands (D:4)
  3 jellies
  Dowan (D:5)
  A howler monkey (D:5)
  A hound (D:4)
  An orc priest (D:4)
  Jessica (D:3)
  3 gnolls (D:4)
  13 adders
  An ufetubus (D:3)
  2 worms (D:2)
  A dart slug (D:3)
  4 orcs
  9 ball pythons
  3 endoplasms
  2 giant cockroaches
  9 goblins
  11 hobgoblins
  5 jackals (D:3)
  2 quokkas
  6 bats
  4 frilled lizards
  19 kobolds
  4 rats
109 creatures vanquished.

Vanquished Creatures (collateral kills)
  An ogre (D:6)
  A hound (D:6)
  An orc priest (D:6)
  An iguana (D:6)
  An orc wizard (D:6)
  An orc (D:6)
  3 foxfires (D:1)
9 creatures vanquished.

Vanquished Creatures (others)
  407 foxfires
407 creatures vanquished.

Grand Total: 525 creatures vanquished

Notes
Turn   | Place    | Note
-------+----------+-------------------------------------------
     0 | D:1      | CoinPitGoblin the Demonspawn Fire Elementalist began the
                  | quest for the Orb.
     0 | D:1      | Reached XP level 1. HP: 13/13 MP: 3/3
   444 | D:1      | Reached skill level 1 in Hexes
   444 | D:1      | Gained mutation: A meltable shield of frost defends you.
                  | (SH +4) [demonic ancestry]
   444 | D:1      | Reached XP level 2. HP: 19/19 MP: 1/5
  1565 | D:2      | Gained mutation: A meltable icy envelope protects you from
                  | harm. (AC +4) [demonic ancestry]
  1565 | D:2      | Reached XP level 3. HP: 15/24 MP: 2/6
  2078 | D:2      | Reached skill level 3 in Spellcasting
  2209 | D:2      | Learned a level 3 spell: Inner Flame
  2212 | D:2      | Learned a level 2 spell: Passwall
  2721 | D:3      | Reached XP level 4. HP: 31/31 MP: 2/8
  2981 | D:3      | Noticed Jessica
  2985 | D:3      | Killed Jessica
  3172 | D:3      | Found a snail-covered altar of Cheibriados.
  3175 | D:3      | Found a sacrificial altar of Ru.
  3343 | D:3      | Reached XP level 5. HP: 36/36 MP: 4/10
  3659 | D:3      | Reached skill level 1 in Fighting
  3659 | D:3      | Reached skill level 4 in Spellcasting
  4264 | D:3      | Gained mutation: You are partially covered in rugged brown
                  | scales. (AC +1, +3% HP) [demonic ancestry]
  4264 | D:3      | Reached XP level 6. HP: 37/44 MP: 9/12
  4896 | D:4      | Found a staircase to the Ecumenical Temple.
  4917 | D:4      | Reached skill level 5 in Spellcasting
  5103 | D:4      | Gained mutation: You are mostly covered in rugged brown
                  | scales. (AC +2, +5% HP) [demonic ancestry]
  5103 | D:4      | Reached XP level 7. HP: 35/50 MP: 7/15
  5165 | Temple   | Entered the Ecumenical Temple
  5398 | Temple   | Became a worshipper of Sif Muna the Loreminder
  5631 | D:5      | Entered Level 5 of the Dungeon
  5824 | D:5      | Noticed Duvessa
  5824 | D:5      | Noticed Dowan
  5944 | D:4      | Learned a level 3 spell: Tukima's Dance
  5948 | D:4      | Learned a level 3 spell: Swiftness
  6148 | D:5      | Killed Dowan
  6149 | D:5      | Reached skill level 6 in Spellcasting
  6278 | D:5      | Noticed Eustachio
  6316 | D:6      | Reached skill level 5 in Hexes
  6390 | D:5      | Noticed Menkaure
  6447 | D:5      | Slain by Eustachio

Illustrated notes

Levels and vault maps discovered:
D:1:      nicolae_arrival_washed_ashore, layout_loops_cross,
          lexackson_kobold_supper
D:2:      layout_loops_cross, serial_bayou_pond_d, st_stairs_6
D:3:      layout_loops_ring, grunt_temple_overflow_open, minmay_misc_feat_room,
          minmay_snake_closets, uniq_jessica
D:4:      cheibrodos_thug_alley, layout_rooms,
          minmay_temple_entry_statues_pillars
D:5:      wad_river_or_something, layout_basic, portal_sewer_entry_b,
          uniq_menkaure, uniq_eustachio, uniq_duvessa
D:6:      layout_cave_pools
Temple:   bh_familiar_temple

Skill      XL: |  1  2  3  4  5  6  7 |
---------------+----------------------+-----
Dodging        | 2 3 |  3.4
Hexes          | 1 2 3 5 |  5.7
Spellcasting   | 3 4 5 6 |  6.4
Fighting       | 1 2 |  2.0
Stealth        | |  1.7
Conjurations   | |  1.0
Fire Magic     | |  2.6

Action                     |  1- 3 |  4- 6 |  7- 9 || total
---------------------------+-------+-------+-------++-------
  Melee: Rapier            |    65 |    49 |    23 ||   137
         Unarmed           |     1 |       |       ||     1
         Punch             |     1 |       |     1 ||     2
  Throw: Throwing net      |       |     1 |       ||     1
   Cast: Foxfire           |    97 |   123 |    45 ||   265
         Inner Flame       |       |     5 |     9 ||    14
         Tukima's Dance    |       |       |     4 ||     4
         Passwall          |       |       |     1 ||     1
    Use: Scroll            |    10 |     4 |     9 ||    23
         Potion            |       |     3 |     2 ||     5
   Stab: Sleeping          |     2 |       |       ||     2
 Armour: Robe              |    16 |    26 |    23 ||    65
         Skin              |       |       |     9 ||     9
  Dodge: Dodged            |    50 |    54 |    36 ||   140
  Block: Other             |    15 |    13 |    13 ||    41
